TOP OF THE 1ST |
---|
Philadelphia Athletics batting - Pitching for Kenilworth Aces : RHP Lorenzo Aguilar | Pitching: RHP Lorenzo Aguilar | | Batting: LHB Brian Boone | 0-0: Ball 1-0: Ball 2-0: Ball 3-0: Base on Balls | Batting: LHB Robinson Fernández | 0-0: Swinging Strike 0-1: Ground out 4-3 (Groundball, 4S) Brian Boone to second | Batting: SHB Martín De Jesús | 0-0: Ball 1-0: Called Strike 1-1: Swinging Strike 1-2: Foul Ball, location: 2F 1-2: Ball 2-2: Strikes out swinging | Batting: RHB Valentín Borges | 0-0: Ball 1-0: Swinging Strike 1-1: Ball 2-1: Ball 3-1: Base on Balls | Batting: SHB Héctor Padilla | 0-0: Called Strike 0-1: Ground out 4-3 (Groundball, 4) | Top of the 1st over - 0 runs, 0 hits, 0 errors, 2 left on base; Philadelphia 0 - Kenilworth 0 | BOTTOM OF THE 1ST |
---|
Kenilworth Aces batting - Pitching for Philadelphia Athletics : LHP Dave Huot | Pitching: LHP Dave Huot | | Batting: LHB Barrett Waters | 0-0: Reached on error, E6 (Groundball, 56) | Batting: LHB Roberto García | 0-0: Ball 1-0: Called Strike 1-1: Fly out, F7 (Flyball, 7LS) | Batting: SHB Julián Madrid | 0-0: Called Strike 0-1: Fly out, F8 (Line Drive, 78D) | Batting: LHB Roy Patrick | 0-0: Called Strike 0-1: Swinging Strike 0-2: Ball 1-2: Foul Ball, location: 2F 1-2: Ball 2-2: Ground out 4-3 (Groundball, 4) | Bottom of the 1st over - 0 runs, 0 hits, 1 error, 1 left on base; Philadelphia 0 - Kenilworth 0 | TOP OF THE 2ND |
---|
Philadelphia Athletics batting - Pitching for Kenilworth Aces : RHP Lorenzo Aguilar | Batting: RHB Anastasio Villa | 0-0: Called Strike 0-1: Swinging Strike 0-2: Ball 1-2: Foul Ball, location: 2F 1-2: Ball 2-2: Ground out 5-3 (Groundball, 56) | Batting: RHB Eric Neal | 0-0: Called Strike 0-1: Ground out 5-3 (Groundball, 5L) | Batting: RHB Troy Lau | 0-0: Foul Ball, location: 2F 0-1: Swinging Strike 0-2: Ball 1-2: Ball 2-2: Ball 3-2: Ground out 6-3 (Groundball, 6) | Top of the 2nd over - 0 runs, 0 hits, 0 errors, 0 left on base; Philadelphia 0 - Kenilworth 0 | BOTTOM OF THE 2ND |
---|
Kenilworth Aces batting - Pitching for Philadelphia Athletics : LHP Dave Huot | Batting: RHB Andrés Lara | 0-0: Called Strike 0-1: Ball 1-1: Ball 2-1: Called Strike 2-2: SINGLE (Line Drive, 6MD) | Batting: RHB Jorge Jiménez | 0-0: Foul Ball, location: 2F 0-1: Ball 1-1: Swinging Strike 1-2: Strikes out looking Andrés Lara steals 2nd base Batter strikes out. | Batting: RHB Wilbert Rodgers | 0-0: Ball 1-0: Called Strike 1-1: Ball 2-1: Swinging Strike 2-2: Foul Ball, location: 2F 2-2: Ball 3-2: Ground out 6-3 (Groundball, 6) Andrés Lara to third | Batting: RHB Taylor McFarland | 0-0: Ball 1-0: Ball 2-0: SINGLE (Groundball, 4MD) Andrés Lara scores | Batting: LHB Jim Jensen | 0-0: Ball 1-0: Fly out, F9 (Flyball, 9S) | Bottom of the 2nd over - 1 run, 2 hits, 0 errors, 1 left on base; Philadelphia 0 - Kenilworth 1 | TOP OF THE 3RD |
---|
Philadelphia Athletics batting - Pitching for Kenilworth Aces : RHP Lorenzo Aguilar | Batting: RHB Ramón Díaz | 0-0: Called Strike 0-1: Swinging Strike 0-2: Strikes out looking | Batting: LHB Brian Boone | 0-0: Foul Ball, location: 2F 0-1: Ground out 4-3 (Groundball, 34) | Batting: LHB Robinson Fernández | 0-0: Ball 1-0: Ball 2-0: Swinging Strike 2-1: Swinging Strike 2-2: Strikes out looking | Top of the 3rd over - 0 runs, 0 hits, 0 errors, 0 left on base; Philadelphia 0 - Kenilworth 1 | BOTTOM OF THE 3RD |
---|
Kenilworth Aces batting - Pitching for Philadelphia Athletics : LHP Dave Huot | Batting: LHB Barrett Waters | 0-0: Ball 1-0: Ball 2-0: Ball 3-0: Called Strike 3-1: Fly out, F6 (Popup, 6MD) | Batting: LHB Roberto García | 0-0: Ball 1-0: Fly out, F7 (Line Drive, 78M) | Batting: SHB Julián Madrid | 0-0: Ball 1-0: Called Strike 1-1: Ball 2-1: SINGLE (Line Drive, 3D) | Batting: LHB Roy Patrick | 0-0: Ball 1-0: Swinging Strike 1-1: Ball 2-1: Fly out, F9 (Line Drive, 89M) | Bottom of the 3rd over - 0 runs, 1 hit, 0 errors, 1 left on base; Philadelphia 0 - Kenilworth 1 | TOP OF THE 4TH |
---|
Philadelphia Athletics batting - Pitching for Kenilworth Aces : RHP Lorenzo Aguilar | Batting: SHB Martín De Jesús | 0-0: Ball 1-0: Foul Ball, location: 2F 1-1: Ball 2-1: Swinging Strike 2-2: Foul Ball, location: 2F 2-2: Foul Ball, location: 2F 2-2: DOUBLE (Flyball, 7LD) | Batting: RHB Valentín Borges | 0-0: Ball 1-0: Swinging Strike 1-1: Called Strike 1-2: Foul Ball, location: 2F 1-2: Ball 2-2: Strikes out swinging | Batting: SHB Héctor Padilla | 0-0: Ground out 3-1 (Groundball, 34) Martín De Jesús to third | Batting: RHB Anastasio Villa | 0-0: Ball 1-0: DOUBLE (Line Drive, 9LS) Martín De Jesús scores | Batting: RHB Eric Neal | 0-0: Foul Ball, location: 2F 0-1: Ball 1-1: Ball 2-1: Ground out 6-3 (Groundball, 6) | Top of the 4th over - 1 run, 2 hits, 0 errors, 1 left on base; Philadelphia 1 - Kenilworth 1 | BOTTOM OF THE 4TH |
---|
Kenilworth Aces batting - Pitching for Philadelphia Athletics : LHP Dave Huot | Batting: RHB Andrés Lara | 0-0: Ball 1-0: Fly out, F7 (Flyball, 7D) | Batting: RHB Jorge Jiménez | 0-0: Ball 1-0: Ball 2-0: Ball 3-0: Fly out, F3 (Line Drive, 34) | Batting: RHB Wilbert Rodgers | 0-0: Called Strike 0-1: Called Strike 0-2: Ball 1-2: Fly out, F5 (Popup, 56S) | Bottom of the 4th over - 0 runs, 0 hits, 0 errors, 0 left on base; Philadelphia 1 - Kenilworth 1 | TOP OF THE 5TH |
---|
Philadelphia Athletics batting - Pitching for Kenilworth Aces : RHP Lorenzo Aguilar | Batting: RHB Troy Lau | 0-0: Called Strike 0-1: Ball 1-1: Swinging Strike 1-2: Strikes out swinging | Batting: RHB Ramón Díaz | 0-0: Ball 1-0: Fly out, F9 (Flyball, 9) | Batting: LHB Brian Boone | 0-0: Ball 1-0: Called Strike 1-1: Called Strike 1-2: Ball 2-2: Foul Ball, location: 2F 2-2: Fly out, F8 (Line Drive, 8RD) | Top of the 5th over - 0 runs, 0 hits, 0 errors, 0 left on base; Philadelphia 1 - Kenilworth 1 | BOTTOM OF THE 5TH |
---|
Kenilworth Aces batting - Pitching for Philadelphia Athletics : LHP Dave Huot | Batting: RHB Taylor McFarland | 0-0: Ball 1-0: Foul Ball, location: 2F 1-1: Foul Ball, location: 2F 1-2: SINGLE (Line Drive, 34) | Batting: LHB Jim Jensen | 0-0: Called Strike 0-1: Fly out, F8 (Flyball, 89D) | Batting: LHB Barrett Waters | 0-0: Ball 1-0: Foul Ball, location: 2F 1-1: Ball 2-1: 2-RUN HOME RUN (Flyball, 9LD), Distance : 356 ft | Batting: LHB Roberto García | 0-0: DOUBLE (Line Drive, 7LM) | Batting: SHB Julián Madrid | 0-0: Called Strike 0-1: Foul Ball, location: 2F 0-2: Fly out, F9 (Flyball, 9S) | Batting: LHB Roy Patrick | 0-0: Called Strike 0-1: Fly out, F8 (Flyball, 89D) | Bottom of the 5th over - 2 runs, 3 hits, 0 errors, 1 left on base; Philadelphia 1 - Kenilworth 3 | TOP OF THE 6TH |
---|
Philadelphia Athletics batting - Pitching for Kenilworth Aces : RHP Lorenzo Aguilar | Batting: LHB Robinson Fernández | 0-0: Ball 1-0: Ball 2-0: Swinging Strike 2-1: Ball 3-1: Foul Ball, location: 2F 3-2: SINGLE (Groundball, 6D) | Batting: SHB Martín De Jesús | 0-0: Called Strike 0-1: Ball 1-1: Fly out, F9 (Line Drive, 89M) | Batting: RHB Valentín Borges | 0-0: Ball 1-0: Ball 2-0: Ball 3-0: DOUBLE (Flyball, 8LXD) Robinson Fernández to third | Batting: SHB Héctor Padilla | 0-0: Called Strike 0-1: Ball 1-1: Fly out, F8 (Flyball, 8RD) Runner from 3rd tags up, OUT at HOME | Top of the 6th over - 0 runs, 2 hits, 0 errors, 1 left on base; Philadelphia 1 - Kenilworth 3 | BOTTOM OF THE 6TH |
---|
Kenilworth Aces batting - Pitching for Philadelphia Athletics : LHP Dave Huot | Batting: RHB Andrés Lara | 0-0: Called Strike 0-1: Called Strike 0-2: Ball 1-2: Ball 2-2: SOLO HOME RUN (Flyball, 7LD), Distance : 370 ft | Batting: RHB Jorge Jiménez | 0-0: Ball 1-0: Called Strike 1-1: Ball 2-1: Ground out 6-3 (Groundball, 6) | Batting: RHB Wilbert Rodgers | 0-0: Ball 1-0: Called Strike 1-1: Ball 2-1: Ball 3-1: Called Strike 3-2: Ground out 5-3 (Groundball, 56) | Batting: RHB Taylor McFarland | 0-0: Called Strike 0-1: Fly out, F9 (Flyball, 9) | Bottom of the 6th over - 1 run, 1 hit, 0 errors, 0 left on base; Philadelphia 1 - Kenilworth 4 | TOP OF THE 7TH |
---|
Philadelphia Athletics batting - Pitching for Kenilworth Aces : RHP Lorenzo Aguilar | Batting: RHB Anastasio Villa | 0-0: Called Strike 0-1: Ball 1-1: Ball 2-1: Ground out 5-3 (Groundball, 56) | Batting: RHB Eric Neal | 0-0: Ground out 5-3 (Groundball, 56) | Batting: RHB Troy Lau | 0-0: Ball 1-0: Ball 2-0: Ground out 6-3 (Groundball, 6) | Top of the 7th over - 0 runs, 0 hits, 0 errors, 0 left on base; Philadelphia 1 - Kenilworth 4 | BOTTOM OF THE 7TH |
---|
Kenilworth Aces batting - Pitching for Philadelphia Athletics : LHP Dave Huot | Pitching: RHP Fernand Picard | | Batting: LHB Jim Jensen | 0-0: Ball 1-0: Foul Ball, location: 2F 1-1: Foul Ball, location: 2F 1-2: Foul Ball, location: 2F 1-2: Foul Ball, location: 2F 1-2: Ground out 4-3 (Groundball, 4) | Batting: LHB Barrett Waters | 0-0: Ball 1-0: SINGLE (Line Drive, 7S) | Pitching: LHP Rob Greene | | Batting: LHB Roberto García | 0-0: Ball 1-0: Swinging Strike 1-1: Ball 2-1: Foul Ball, location: 2F 2-2: Ball 3-2: Fly out, F7 (Line Drive, 7D) | Batting: SHB Julián Madrid | 0-0: Called Strike 0-1: Foul Ball, location: 2F 0-2: Foul Ball, location: 2F 0-2: Ball Barrett Waters is caught stealing 2nd base | Bottom of the 7th over - 0 runs, 1 hit, 0 errors, 0 left on base; Philadelphia 1 - Kenilworth 4 | TOP OF THE 8TH |
---|
Philadelphia Athletics batting - Pitching for Kenilworth Aces : RHP Lorenzo Aguilar | Batting: RHB Ramón Díaz | 0-0: Ball 1-0: Called Strike 1-1: Ball 2-1: SINGLE (Flyball, 78S) | Pitching: LHP Alfonso Ramos | | Batting: LHB Brian Boone | 0-0: Called Strike 0-1: Swinging Strike 0-2: Foul Ball, location: 2F 0-2: Foul Ball, location: 2F 0-2: Strikes out swinging | Batting: LHB Robinson Fernández | 0-0: Ball 1-0: Ball 2-0: Ball 3-0: Called Strike 3-1: Called Strike 3-2: Strikes out swinging | Batting: SHB Martín De Jesús | 0-0: Called Strike 0-1: Foul Ball, location: 2F 0-2: Ball 1-2: Foul Ball, location: 2F 1-2: Ball 2-2: Strikes out swinging | Top of the 8th over - 0 runs, 1 hit, 0 errors, 1 left on base; Philadelphia 1 - Kenilworth 4 | BOTTOM OF THE 8TH |
---|
Kenilworth Aces batting - Pitching for Philadelphia Athletics : LHP Rob Greene | Batting: SHB Julián Madrid | 0-0: Ball 1-0: Foul Ball, location: 2F 1-1: Ball 2-1: SINGLE (Groundball, 56D) | Batting: LHB Roy Patrick | 0-0: Ball 1-0: Ground out 6-3 (Groundball, 6S) Julián Madrid to second | Pitching: RHP Ricardo Pérez | | Batting: RHB Andrés Lara | 0-0: Ground out 6-3 (Groundball, 6) | Batting: RHB Jorge Jiménez | 0-0: Called Strike 0-1: Ground out 6-3 (Groundball, 6) | Bottom of the 8th over - 0 runs, 1 hit, 0 errors, 1 left on base; Philadelphia 1 - Kenilworth 4 | TOP OF THE 9TH |
---|
Philadelphia Athletics batting - Pitching for Kenilworth Aces : LHP Alfonso Ramos | Pitching: RHP Robinson Gonzáles | | Batting: RHB Valentín Borges | 0-0: Ball 1-0: Ground out U3 (Groundball, 3S) | Batting: SHB Héctor Padilla | 0-0: Ball 1-0: Called Strike 1-1: Ground out 4-3 (Groundball, 4M) | Batting: RHB Anastasio Villa | 0-0: Ball 1-0: Swinging Strike 1-1: Ball 2-1: Foul Ball, location: 2F 2-2: Foul Ball, location: 2F 2-2: Strikes out swinging | Top of the 9th over - 0 runs, 0 hits, 0 errors, 0 left on base; Philadelphia 1 - Kenilworth 4 | |